 Dungeon Crawl Stone Soup version 0.26-a0-259-g1effd001a9 (webtiles) character file.

Game seed: 13508949185814712102

286 HoaS the Twirler (level 6, -3/39 HPs)
             Began as a Gargoyle Gladiator on July 19, 2020.
             Was a Follower of Makhleb.
             Slain by an ogre
             ... wielding a +0 giant spiked club
              (12 damage)
             ... on level 4 of the Dungeon.
             The game lasted 00:06:15 (2605 turns).

HoaS the Twirler (Gargoyle Gladiator)               Turns: 2605, Time: 00:06:16

Health: -3/39      AC: 12    Str: 18    XL:     6   Next: 30%
Magic:  6/6        EV: 14    Int:  8    God:    Makhleb [*.....]
Gold:   135        SH:  0    Dex: 13    Spells: 5/5 levels left

rFire    . . .     SeeInvis .   a - +1 quarterstaff
rCold    . . .     Faith    .   (shield currently unavailable)
rNeg     + . .     Spirit   .   k - +0 scale mail
rPois    ∞         Reflect  .   c - +0 helmet
rElec    +         Harm     .   (no cloak)
rCorr    .                      (no gloves)
MR       .....                  p - +0 pair of boots {run}
Stlth    ..........             (no amulet)
HPRegen  0.13/turn              l - +4 ring of evasion
MPRegen  0.10/turn              (no ring)

@: quick
A: negative energy resistance 1, electricity resistance, unbreathing,
petrification resistance, rot immunity, AC +4
a: Renounce Religion


You were on level 4 of the Dungeon.
You worshipped Makhleb.
Makhleb was aware of your devotion.
You were not hungry.

You visited 1 branch of the dungeon, and saw 4 of its levels.

You collected 135 gold pieces.

Inventory:

Hand Weapons
 a - a +1 quarterstaff (weapon)
Missiles
 d - 2 throwing nets (quivered)
 e - 7 boomerangs
Armour
 c - a +0 helmet (worn)
 k - a +0 scale mail (worn)
 p - a +0 pair of boots of running (worn)
Jewellery
 l - a +4 ring of evasion (left hand)
Wands
 n - a wand of clouds (5)
Scrolls
 o - a scroll of enchant weapon
 q - a scroll of identify
Potions
 b - 2 potions of heal wounds {unknown}
 g - a potion of might
 h - a potion of ambrosia {unknown}
 i - 3 potions of curing {unknown}
 m - a potion of haste {unknown}
Comestibles
 f - 16 rations


   Skills:
 + Level 4.3 Fighting
 * Level 5.9 Staves
 - Level 1.7 Throwing
 - Level 2.4 Dodging


You had 5 spell levels left.
You didn't know any spells.
Your spell library contained the following spells:

 Spells                   Type           Power        Failure   Level
 Magic Dart               Conj           #...         83%         1
 Blink                    Tloc           N/A          92%         2
 Call Imp                 Summ           #.......     92%         2
 Slow                     Hex            #.......     92%         2
 Conjure Flame            Conj/Fire      #.......     99%         3
 Mephitic Cloud           Conj/Pois/Air  #.......     99%         3


Dungeon Overview and Level Annotations

Branches:
Dungeon (4/15)
 Temple: D:4-7

Altars:
Makhleb
Vehumet

Annotations:
D:4 2 transporters


Innate Abilities, Weirdness & Mutations

You are resistant to torment.
Your stone body is resilient. (AC +4)
You are immune to poison.
You resist negative energy. (rN+)
You are resistant to electric shocks. (rElec)
You can survive without breathing.
You are immune to petrification.
You are immune to rotting.


Message History

You strike the helpless ogre from behind!
You hit the ogre but do no damage.
The ogre struggles against the net.
You hit the ogre but do no damage.
The orc priest calls down the wrath of Beogh upon you.
Beogh smites you!
* * * LOW HITPOINT WARNING * * *
The ogre struggles against the net.
You hit the ogre.
The ogre is lightly wounded.
The ogre struggles against the net.
The net rips apart, and the ogre comes free!
You hit the ogre.
The ogre is moderately wounded.
The ogre misses you.
You sock the ogre!
The ogre is severely wounded.
You barely miss the ogre.
The ogre is severely wounded.
The ogre hits you with a +0 giant spiked club!
You die...

#...##.###.## #
##.###.##...##### #
#.##.....©.....###
#.#..#########..## #
#.#.##8$)_.$8##.## ..
#.#.#..??$??..#.## #.
#.#.#.Z#...#..#... ..
#.#.#5#Z....#.#.## #.
#@#.#©5.......#.#
#..#######O#.#5#.....#.#.#
#....o...oo#.#D.#.©.#..#§##
#.........o..#o........#§§§
############.##8.....8##§§#
#..#########§§§#
##.)...©...†§§§#
#####.......§## ##...#####


You could see an ogre, an orc priest and 2 orcs.

Vanquished Creatures
  A hound (D:2)
  2 orc priests
  An iguana (D:4)
  An orc wizard (D:3)
  5 adders
  2 oozes
  4 worms
  6 dart slugs
  2 leopard geckos
  2 orcs (D:3)
  8 giant cockroaches
  7 goblins
  4 hobgoblins
  3 jackals (D:1)
  A quokka (D:2)
  2 ball pythons
  6 bats
  6 kobolds
  10 rats
73 creatures vanquished.

Notes
Turn   | Place    | Note
-------+----------+-------------------------------------------
     0 | D:1      | HoaS the Gargoyle Gladiator began the quest for the Orb.
     0 | D:1      | Reached XP level 1. HP: 12/12 MP: 1/1
   347 | D:1      | Reached XP level 2. HP: 18/18 MP: 2/2
   542 | D:1      | Reached XP level 3. HP: 21/22 MP: 3/3
   775 | D:1      | Reached skill level 4 in Staves
   904 | D:2      | Found a burning altar of Makhleb.
   909 | D:2      | Reached XP level 4. HP: 23/28 MP: 4/4
   913 | D:2      | Became a worshipper of Makhleb the Destroyer
  1451 | D:2      | Reached XP level 5. HP: 30/32 MP: 5/5
  1667 | D:3      | Reached skill level 5 in Staves
  1761 | D:3      | Reached * piety under Makhleb
  2083 | D:3      | Identified a +0 pair of boots of running (You found it on
                  | level 3 of the Dungeon)
  2436 | D:3      | Reached XP level 6. HP: 38/38 MP: 6/6
  2496 | D:4      | Found a radiant altar of Vehumet.
  2497 | D:4      | Found a transporter.
  2498 | D:4      | Noticed a six-headed hydra
  2523 | D:4      | Found a transporter.
  2605 | D:4      | Slain by an ogre

Illustrated notes

Levels and vault maps discovered:
D:1:      minmay_arrival_widening_spiral_narrow, layout_basic
D:2:      layout_basic, makhleb_heckhound_becter
D:3:      layout_loops_ring, first_ration
D:4:      layout_loops_ring, gammafunk_temple_overflow_arena, tso_metal_star,
          minitemple, serial_shops, kennysheep_little_box, uniq_ijyb

Skill      XL: |  1  2  3  4  5 |
---------------+----------------+-----
Staves         | 4 5 |  5.9
Fighting       | 3 4 |  4.3
Throwing       | |  1.7
Dodging        | |  2.4

Action                   |  1- 3 |  4- 6 || total
-------------------------+-------+-------++-------
Melee: Quarterstaff      |    80 |   150 ||   230
Throw: Throwing net      |       |     1 ||     1
  Use: Scroll            |     4 |     4 ||     8
 Stab: Held in net/web   |       |     1 ||     1
  Eat: Ration            |       |     2 ||     2
Armor: Leather armour    |    41 |       ||    41
       Scale mail        |       |    67 ||    67
Dodge: Dodged            |    54 |    92 ||   146

Table legend:
 A = Non-vault XP
 B = Vault XP
 C = Vault XP percentage of total XP
 D = Non-vault monster count
 E = Vault monster count
 F = Vault count percentage of total count
                 A         B        C        D         E       F
            +---------+---------+-------+---------+---------+-------
      Total |     364 |      45 |  11.0 |      72 |       1 |   1.4
            +---------+---------+-------+---------+---------+-------
        D:1 |      52 |       0 |   0.0 |      27 |       0 |   0.0
        D:2 |      74 |      45 |  37.8 |      20 |       1 |   4.8
        D:3 |     149 |       0 |   0.0 |      22 |       0 |   0.0
        D:4 |      89 |       0 |   0.0 |       3 |       0 |   0.0
            +---------+---------+-------+---------+---------+-------
